 Dungeon Crawl Stone Soup version 0.24.0-1-gfbc8707 (webtiles) character file.

Game seed: 2512116676566539595, levelgen mode: deterministic

826 curiousnu the Chopper (level 7, -7/61 HPs)
             Began as a Minotaur Berserker on Nov 2, 2019.
             Was a Priest of Trog.
             Mangled by an ogre
             ... wielding a +0 giant club
              (16 damage)
             ... on level 6 of the Dungeon.
             The game lasted 00:14:48 (4674 turns).

curiousnu the Chopper (Minotaur Berserker)          Turns: 4674, Time: 00:14:48

Health: -7/61      AC:  9    Str: 24    XL:     7   Next: 64%
Magic:  6/6        EV:  7    Int:  4    God:    Trog [***...]
Gold:   297        SH: 15    Dex:  9    Spells: 6/6 levels left

rFire    . . .     SeeInvis .   a - +1 hand axe
rCold    . . .     Gourm    .   u - +0 large shield
rNeg     . . .     Faith    .   p - +0 ring mail
rPois    .         Spirit   .   i - +0 hat
rElec    .         Reflect  .   h - +0 cloak
rCorr    .         Harm     .   r - +1 pair of gloves
MR       ++...                  (no boots)
Stlth    ..........             (no amulet)
HPRegen  1.20/turn              (no ring)
MPRegen  0.10/turn              (no ring)

@: berserk cooldown, regenerating, slowed, very slow
A: retaliatory headbutt, horns 2
a: Berserk, Trog's Hand, Renounce Religion


You were on level 6 of the Dungeon.
You worshipped Trog.
Trog was most pleased with you.
You were not hungry.

You visited 1 branch of the dungeon, and saw 6 of its levels.

You collected 297 gold pieces.

Inventory:

Hand Weapons
 a - a +1 hand axe (weapon)
 n - a +0 whip of electrocution
Missiles
 k - 3 boomerangs
 o - 7 javelins (quivered)
Armour
 h - a +0 cloak (worn)
 i - a +0 hat (worn)
 j - a +0 cloak
 p - a +0 ring mail (worn)
 r - a +1 pair of gloves (worn)
 u - a +0 large shield (worn)
Jewellery
 s - an uncursed ring of fire
Wands
 q - a wand of polymorph (6)
 w - a wand of acid (10)
Scrolls
 e - 5 scrolls of remove curse
 m - 3 scrolls of identify
 v - a scroll of enchant weapon
 x - a scroll of enchant armour {unknown}
Potions
 b - a potion of magic {unknown}
 d - 2 potions of resistance {unknown}
 f - a potion of cancellation {unknown}
 g - 4 potions of haste
 l - 3 potions of curing {unknown}
 z - 2 potions of heal wounds {unknown}
 A - a potion of brilliance {unknown}
Comestibles
 c - 8 rations


   Skills:
 + Level 5.2 Fighting
 + Level 7.1 Axes
 + Level 0.6 Throwing
 * Level 6.0 Armour
 - Level 2.1 Dodging
 + Level 4.3 Shields


You had 6 spell levels left.
You didn't know any spells.
Your spell library was empty.

Dungeon Overview and Level Annotations

Branches:
Dungeon (6/15)             Temple (0/1) D:5

Altars:
Elyvilon
Trog
Uskayaw
Zin
The Shining One


Innate Abilities, Weirdness & Mutations

You reflexively headbutt those who attack you in melee.
You have a pair of horns on your head.


Message History

You block the ogre's attack.
Unknown command.
You slash the sky beast!
You kill the sky beast!
Trog accepts your kill.
Your Armour skill increases to level 6!
You barely miss the ogre.
Unknown command.
You see here a sky beast corpse.
You feel a strong urge to attack something.
You feel your anger nearly subside.
You are no longer berserk.
You pass out from exhaustion.
You feel yourself slow down.
Found a scroll labeled REUBRU APUD.
You feel the effects of Trog's Hand fading.
A hound comes into view.
You can move again.
The hound barks!
The ogre hits you with a +0 giant club!
You die...

#..# #.# #...
#####..####.####.#
.................#
................†#
..............h..#
##############...#
#...# #..O# +|.@#
#...# #...# #...#
#...# #.?.# #...#
#....


You could see an ogre and a hound.

Vanquished Creatures
  Grinder (D:3)
  A sky beast (D:6)
  An ogre (D:5)
  A bullfrog (D:6)
  A crimson imp (D:5)
  A hound (D:4)
  A centaur skeleton (D:4)
  An orc wizard (D:5)
  A worker ant (D:4)
  Robin (D:3)
  7 adders
  6 gnolls
  2 oozes
  An adder zombie (D:5)
  An adder skeleton (D:5)
  4 worms
  A dart slug (D:2)
  6 leopard geckos
  12 orcs
  7 bats
  2 giant cockroaches
  14 goblins
  6 hobgoblins
  7 jackals
  2 quokkas
  2 ball pythons
  5 frilled lizards
  6 kobolds
  6 rats
107 creatures vanquished.

Notes
Turn   | Place    | Note
-------+----------+-------------------------------------------
     0 | D:1      | curiousnu the Minotaur Berserker began the quest for the
                  | Orb.
     0 | D:1      | Reached XP level 1. HP: 19/19 MP: 0/0
   227 | D:1      | Reached skill level 4 in Axes
   227 | D:1      | Reached XP level 2. HP: 17/27 MP: 1/1
   651 | D:1      | Reached ** piety under Trog
   665 | D:1      | Reached XP level 3. HP: 33/33 MP: 2/2
   884 | D:2      | Found a bloodstained altar of Trog.
  1290 | D:2      | Found a glowing golden altar of the Shining One.
  1290 | D:2      | Found a glowing silver altar of Zin.
  1290 | D:2      | Found a white marble altar of Elyvilon.
  1576 | D:2      | Reached XP level 4. HP: 41/41 MP: 3/3
  1921 | D:3      | Reached skill level 5 in Axes
  2084 | D:3      | Noticed Robin
  2094 | D:3      | Killed Robin
  2094 | D:3      | Reached skill level 1 in Shields
  2113 | D:3      | Reached XP level 5. HP: 47/47 MP: 4/4
  2375 | D:3      | Noticed Grinder
  2389 | D:3      | Paralysed by Grinder for 4 turns
  2403 | D:3      | Killed Grinder
  2403 | D:3      | Reached skill level 6 in Axes
  2403 | D:3      | Reached XP level 6. HP: 55/55 MP: 5/5
  3124 | D:4      | Reached skill level 5 in Armour
  3132 | D:4      | Reached *** piety under Trog
  3154 | D:5      | Entered Level 5 of the Dungeon
  3186 | D:4      | Found a hide-covered altar of Uskayaw.
  3189 | D:4      | Noticed a +0 hand axe
  3190 | D:4      | Noticed a +0 hand axe
  3807 | D:5      | Reached skill level 5 in Fighting
  3915 | D:5      | Reached XP level 7. HP: 54/61 MP: 6/6
  4015 | D:5      | Found a staircase to the Ecumenical Temple.
  4651 | D:6      | Reached skill level 7 in Axes
  4665 | D:6      | HP: 1/91 [ogre/+0 giant club (17)]
  4674 | D:6      | Mangled by an ogre

Levels and vault maps discovered:
D:1:      dpeg_arrival_line_fractal, layout_basic,
          hangedman_abyss_or_decor_stabs
D:2:      layout_rooms, good_gods_mini_temple, serial_co_window_serial,
          co_window_paths_a, co_window_corner_a, co_window_of_opportunity_a,
          co_window_paths_a, co_window_paths_a, co_window_2corner,
          co_window_broadway_a, co_window_of_opportunity_b, glass_columns_a,
          glass_columns_b, glass_columns_c, trog_three_pillars_becter
D:3:      layout_basic, minmay_misc_feat_tower, feat_on_display, uniq_grinder,
          uniq_robin
D:4:      layout_basic, dancing_weapons_uskayaw, first_ration
D:5:      layout_loops_ring, minmay_temple_entry_gardened_gates
D:6:      layout_basic, grunt_temple_overflow_growth_and_decay, uniq_edmund

Skill      XL: |  1  2  3  4  5  6  7 |
---------------+----------------------+-----
Axes           | 4 5 6 7 |  7.1
Fighting       | 4 5 |  5.2
Armour         | 3 4 5 6 |  6.0
Shields        | 1 2 3 4 |  4.3
Throwing       | |  0.6
Dodging        | |  2.1

Action                   |  1- 3 |  4- 6 |  7- 9 || total
-------------------------+-------+-------+-------++-------
Melee: Hand axe          |    72 |   171 |    43 ||   286
       Headbutt          |    10 |    21 |     7 ||    38
Throw: Javelin           |     5 |       |       ||     5
       Boomerang         |     1 |       |       ||     1
Invok: Trog's Hand       |       |     3 |     1 ||     4
       Berserk           |       |     2 |     1 ||     3
  Use: Scroll            |       |     8 |       ||     8
  Eat: Chunk             |     2 |    10 |     1 ||    13
       Ration            |       |       |     1 ||     1
Armor: Animal skin       |    12 |       |       ||    12
       Ring mail         |    17 |    44 |    13 ||    74
Dodge: Dodged            |    43 |    21 |     7 ||    71
Block: Large shield      |    24 |   105 |    24 ||   153
